 Dungeon Crawl Stone Soup version 0.31.0-32-g396128a36d (webtiles) character file.

Game seed: 5093590386339977364

26 Peloso the Covered (level 2, 27/27 HPs)
             Began as a Minotaur Fighter on Apr 5, 2024.
             Got out of the dungeon alive.
             The game lasted 00:01:09 (918 turns).

Peloso the Covered (Minotaur Fighter)                Turns: 918, Time: 00:01:09

Health: 27/27      AC:  7    Str: 20    XL:     2   Next: 89%
Magic:  1/1        EV:  9    Int:  5    God:
Gold:   15         SH:  4    Dex:  9    Spells: 1/1 levels left

rFire   . . .        a - +0 long sword
rCold   . . .        c - +0 buckler
rNeg    . . .        b - +0 scale mail
rPois   .            (helmet restricted)
rElec   .            (no cloak)
rCorr   .            (no gloves)
SInv    .            (no boots)
Will    .....        (no amulet) Stlth
                     (no ring)
HPRegen 0.24/turn    (no ring)
MPRegen 0.07/turn

%: no passive effects
@: no status effects
A: horns 2, retaliatory headbutt, wild magic 1, noise suppression
a: no special abilities


You escaped.
You visited 1 branch of the dungeon, and saw 1 of its levels.

You collected 15 gold pieces.

Inventory:

Hand Weapons
 a - a +0 long sword (weapon)
Armour
 b - a +0 scale mail (worn)
 c - a +0 buckler (worn)
Jewellery
 g - a +5 ring of evasion
Potions
 d - a potion of might


   Skills:
 + Level 4.0 Fighting
 + Level 2.5 Long Blades
 + Level 4.2 Armour
 + Level 0.5 Dodging
 + Level 3.9 Shields


You had one spell level left.
You didn't know any spells.
Your spell library contained the following spells:

 Spells                   Type           Power      Damage    Failure   Level
 Hailstorm                Conj/Ice       0%         3d5       100%        3
 Summon Ice Beast         Ice/Summ       0%         N/A       100%        3
 Sculpt Simulacrum        Ice/Alch       0%         N/A       100%        6


Dungeon Overview and Level Annotations

Branches:
Dungeon (1/15)

Altars:


Innate Abilities, Weirdness & Mutations

You have a pair of horns on your head.
You reflexively headbutt those who attack you in melee.
Your spells are a little harder to cast, but a little more powerful.
You passively dampen the noise of your surroundings.


Message History

f - a fuming coppery potion
g - a +5 ring of evasion An endoplasm comes into view.
The endoplasm quivers.
An endoplasm is nearby!
You slash the endoplasm!
You kill the endoplasm!
h - a black potion
There is a large open door here.
There is a fountain of clear blue water here.
Key pressed, stopping explore.
There is an abandoned shop here.
There is a large open door here.
You see here a rat skeleton.
There is a stone staircase leading down here.
You see here a rat skeleton.
You enter the shallow water.
Moving in this stuff is going to be slow.
You enter the shallow water.
Moving in this stuff is going to be slow.
You enter the shallow water.
Moving in this stuff is going to be slow.
You enter the shallow water.
Moving in this stuff is going to be slow.
You enter the shallow water.
Moving in this stuff is going to be slow.
You see here a +0 dagger.
Partly explored, can't reach some places.
Partly explored, can't reach some places.
Partly explored, can't reach some places.
You aren't carrying any scrolls.
It was a potion of cancellation.
You feel magically purged.
It was a potion of curing.
You feel better.
It was a potion of mutation.
You feel extremely strange.
You feel your surroundings grow quieter.
You feel less in control of your magic.
What level of the Dungeon? (default 1, ? - help)
There is an abandoned shop here.
There is a staircase leading out of the dungeon here.
You have escaped!

.................................
.................................
................................#
.....♣........................∩..
.♣...............................
....∩......................∩..♣..
.§§§..♣..∩....♣...♣.....∩.....§.#
#§§§.§§§§............∩....§.~~~##
###§§§§§§..∩.♣..@.....§§.§§§~§##
###~~§§~..........§.~§§§§~§##
##~~§~~~~......§§§§§§§§≈##
#≈≈≈~~~~§~§§§~§§§~§~§≈§#
##≈≈≈≈≈≈~~§§~~~§~≈§§≈≈≈#
##≈≈≈≈≈≈≈≈§≈≈≈≈≈≈≈≈≈≈##
####################


There were no monsters in sight!

Vanquished Creatures
  2 endoplasms (D:1)
  3 goblins (D:1)
  5 hobgoblins (D:1)
  4 jackals (D:1)
  2 ball pythons (D:1)
  2 bats (D:1)
  A frilled lizard (D:1)
  A kobold (D:1)
  5 rats (D:1)
25 creatures vanquished.

Notes
Turn   | Place    | Note
-------+----------+-------------------------------------------
     0 | D:1      | Peloso the Minotaur Fighter began the quest for the Orb.
     0 | D:1      | Reached XP level 1. HP: 19/19 MP: 0/0
   119 | D:1      | Reached XP level 2. HP: 12/27 MP: 1/1
   890 | D:1      | Gained mutation: You passively dampen the noise of your
                  | surroundings. [potion of mutation]
   890 | D:1      | Gained mutation: Your spells are a little harder to cast,
                  | but a little more powerful. [potion of mutation]
   918 | D:$      | Got out of the dungeon alive.

Illustrated notes

Levels and vault maps discovered:
D:1:      tekkud_arrival_beachfront_property, layout_rooms, chequers_big_river,
          moated_statue, minivault_24

Skill      XL: |  1  2 |
---------------+-------+-----
Armour         | 4 |  4.2
Fighting       | 4 |  4.0
Long Blades    | |  2.5
Dodging        | |  0.5
Shields        | |  3.9

Action                     || total
---------------------------++-------
  Melee: Long sword        ||    55
         Headbutt          ||     6
    Use: Potion            ||     3
 Armour: Scale mail        ||    45
  Dodge: Dodged            ||    35
  Block: Buckler           ||    11
